[Event "Titled Tuesday Blitz January 04 2022"]
[White "Zierk, Steven"]
[Black "Volkov, Maksim"]
[WhiteFideId "2034255"]
[BlackFideId "54123070"]
[WhiteElo "2494"]
[BlackElo "2081"]
[Result "1-0"]
[Round "04"]
[TimeControl "180+1"]
[Date "2022.01.04"]
[WhiteClock "0:01:42"]
[BlackClock "0:01:19"]

1. e4 c5 2. Nf3 e6 3. d4 cxd4 4. Nxd4 Nc6 5. Nc3 Qc7 6. Be3 a6 7. Qf3 Nf6 8. O-O-O b5 9. e5 Bb7 10. exf6 Nxd4 11. Qg3 Qxg3 12. hxg3 Nf5 13. fxg7 Bxg7 14. Bc5 Rc8 15. Bb4 h5 16. Bd3 Bxg2 17. Bxf5 Bxh1 18. Rxh1 exf5 19. Re1+ Kd8 20. Ba5+ Rc7 21. Nd5 Kc8 22. Bxc7 1-0


[Site "https://www.chess.com"]

[Event "Titled Tuesday Blitz January 04 2022"]
[White "Afanasiev, Nikita"]
[Black "Valdes Romero, Leonardo"]
[WhiteFideId "24183555"]
[BlackFideId "6500331"]
[WhiteElo "2564"]
[BlackElo "2497"]
[Result "1-0"]
[Round "05"]
[TimeControl "180+1"]
[Date "2022.01.04"]
[WhiteClock "0:00:34"]
[BlackClock "0:00:04"]

1. d4 d6 2. e4 Nf6 3. Nc3 e5 4. Nf3 Nbd7 5. Bc4 Be7 6. O-O O-O 7. a4 c6 8. Re1 b6 9. d5 cxd5 10. Nxd5 Bb7 11. Nc3 Rc8 12. Bf1 Nc5 13. Nd2 a5 14. Qf3 Ne6 15. Nb3 d5 16. exd5 Nxd5 17. Rxe5 Rxc3 18. bxc3 Bf6 19. Rf5 Bxc3 20. Rxd5 Qc8 21. Rb1 Nc7 22. Qxc3 Bxd5 23. Nd4 Qb7 24. Bf4 Ne6 25. Nxe6 fxe6 26. Bg3 Rc8 27. Qd2 Be4 28. Rb2 Qc6 29. h4 Qxa4 30. Rxb6 Qa1 31. Qg5 1-0


[Site "https://www.chess.com"]

[Event "Titled Tuesday Blitz January 04 2022"]
[White "Albornoz Cabrera, Carlos Daniel"]
[Black "Senthil Maran K"]
[WhiteFideId "3518736"]
[BlackFideId "25035681"]
[WhiteElo "2490"]
[BlackElo "2194"]
[Result "1-0"]
[Round "05"]
[TimeControl "180+1"]
[Date "2022.01.04"]
[WhiteClock "0:00:52"]
[BlackClock "0:00:03"]

1. e4 c6 2. Nf3 d5 3. Nc3 g6 4. d4 Bg4 5. h3 Bxf3 6. Qxf3 e6 7. Be3 Bg7 8. Bd3 Nd7 9. O-O-O Ne7 10. h4 h5 11. Kb1 O-O 12. g4 hxg4 13. Qxg4 Nf6 14. Qg2 dxe4 15. Nxe4 Nf5 16. h5 Nxh5 17. Rdg1 Nxe3 18. fxe3 Qd5 19. Qh3 Qf5 20. Qh2 Rfd8 21. Rg5 Qf3 22. Qg1 Nf6 23. Nd2 Qxh1 24. Qxh1 Nd5 25. Rg3 c5 26. c3 Rac8 27. Ne4 b6 28. Ng5 a6 29. Qh7+ Kf8 30. Rf3 Rc7 31. Nxe6+ 1-0


[Site "https://www.chess.com"]

[Event "Titled Tuesday Blitz January 04 2022"]
[White "Andreikin, Dmitry"]
[Black "Grandelius, Nils"]
[WhiteFideId "4158814"]
[BlackFideId "1710400"]
[WhiteElo "2736"]
[BlackElo "2617"]
[Result "1-0"]
[Round "05"]
[TimeControl "180+1"]
[Date "2022.01.04"]
[WhiteClock "0:00:20"]
[BlackClock "0:00:06"]

1. d4 d5 2. c4 e6 3. Nc3 a6 4. cxd5 exd5 5. Bf4 Nf6 6. e3 Bd6 7. Bxd6 Qxd6 8. Bd3 O-O 9. Nge2 Bg4 10. f3 Bh5 11. g4 Bg6 12. h4 Re8 13. h5 Bxd3 14. Qxd3 h6 15. O-O-O c5 16. Rdg1 Qe7 17. g5 hxg5 18. Rxg5 Qxe3+ 19. Qxe3 Rxe3 20. Rhg1 Nc6 21. Rxg7+ Kf8 22. h6 Rxf3 23. Nxd5 Nxd5 24. Rg8+ Ke7 25. Rxa8 Rh3 26. dxc5 Rxh6 27. Nc3 Nxc3 28. bxc3 Rh5 29. Re1+ Kd7 30. Rf8 Rf5 31. Kb2 Na5 32. Re4 Rxc5 33. Rxf7+ Kc6 34. Re6+ Kb5 35. Kc2 Nc4 36. Rxb7+ Ka5 37. Rbe7 Na3+ 38. Kb3 Nb5 39. Re3 Rc8 40. R7e5 Kb6 41. Re6+ Ka5 42. Rh6 Rb8 43. Re5 1-0


[Site "https://www.chess.com"]

[Event "Titled Tuesday Blitz January 04 2022"]
[White "Babazada, Khazar"]
[Black "Gokerkan, Cem Kaan"]
[WhiteFideId "13413554"]
[BlackFideId "6336760"]
[WhiteElo "2418"]
[BlackElo "2382"]
[Result "1-0"]
[Round "05"]
[TimeControl "180+1"]
[Date "2022.01.04"]
[WhiteClock "0:00:29"]
[BlackClock "0:00:02"]

1. e4 c5 2. Nf3 g6 3. Nc3 Bg7 4. Bc4 Nc6 5. d3 e6 6. O-O Nge7 7. Re1 O-O 8. e5 a6 9. a4 Qc7 10. Bf4 f6 11. exf6 Qxf4 12. fxg7 Kxg7 13. Ne2 Qf6 14. Ng3 d5 15. Bb3 Nd4 16. Nxd4 Qxf2+ 17. Kh1 Qxd4 18. c3 Qh4 19. Qe2 Bd7 20. Qe5+ Qf6 21. Qd6 Rad8 22. Qxc5 Nf5 23. Nxf5+ gxf5 24. d4 Rg8 25. Bd1 h5 26. Bf3 h4 27. h3 Bc6 28. Re5 Rge8 29. Rae1 Re7 30. Rxf5 exf5 31. Rxe7+ Kg6 32. Re1 Rd6 33. Qa3 Re6 34. Qa1 Rxe1+ 35. Qxe1 Bxa4 36. Bxd5 Bc6 37. Bxc6 Qxc6 38. Qxh4 Qb5 39. Qg3+ Kf7 40. Qf2 Kg6 41. Kh2 a5 42. h4 a4 43. Qg3+ Kf7 44. h5 Qc6 45. Qe5 Qd7 46. Kg3 Kg8 47. Kf4 1-0


[Site "https://www.chess.com"]

[Event "Titled Tuesday Blitz January 04 2022"]
[White "Belyakov, Bogdan"]
[Black "Yilmaz, Mustafa"]
[WhiteFideId "24104795"]
[BlackFideId "6302718"]
[WhiteElo "2407"]
[BlackElo "2568"]
[Result "0-1"]
[Round "05"]
[TimeControl "180+1"]
[Date "2022.01.04"]
[WhiteClock "0:00:35"]
[BlackClock "0:01:44"]

1. e4 e5 2. Nf3 Nc6 3. Bc4 Bc5 4. O-O Nf6 5. d4 Bxd4 6. Nxd4 Nxd4 7. Bg5 h6 8. Bh4 Qe7 9. Nc3 g5 10. Bg3 d6 11. Nd5 Nxd5 12. Bxd5 c6 13. c3 Ne6 14. Bb3 h5 15. f3 h4 16. Bf2 Nf4 17. Qd2 Be6 18. Rfd1 Rd8 19. Bxa7 Rg8 20. Be3 g4 21. fxg4 Bxg4 22. Rf1 Bh3 23. Rf2 Bxg2 24. Bxf4 Bxe4+ 25. Kf1 exf4 26. Rxf4 d5 27. Re1 Rd6 28. Rexe4 dxe4 29. Bxf7+ Kd8 30. Qe3 Rd1+ 31. Ke2 Rgg1 32. Qb6+ Qc7 33. Qxc7+ Kxc7 34. Rxh4 Rge1+ 35. Kf2 Rf1+ 36. Ke2 Rde1+ 37. Kd2 e3+ 38. Kd3 Rxf7 0-1


[Site "https://www.chess.com"]

[Event "Titled Tuesday Blitz January 04 2022"]
[White "Bortnyk, Olexandr"]
[Black "Dev, Shah"]
[WhiteFideId "14120828"]
[BlackFideId "35019058"]
[WhiteElo "2723"]
[BlackElo "2098"]
[Result "0-1"]
[Round "05"]
[TimeControl "180+1"]
[Date "2022.01.04"]
[WhiteClock "0:00:02"]
[BlackClock "0:00:06"]

1. e4 e5 2. Nf3 Nc6 3. Bb5 a6 4. Ba4 Nf6 5. Nc3 b5 6. Bb3 Bc5 7. Nxe5 Nxe5 8. d4 Bxd4 9. Qxd4 d6 10. Qd1 c5 11. Bd5 Nxd5 12. Nxd5 O-O 13. O-O f5 14. Nf4 Kh8 15. Qd5 Ra7 16. exf5 Bxf5 17. Be3 Nc4 18. Rad1 Qa8 19. b3 Nxe3 20. fxe3 Bxc2 21. Qxd6 Raf7 22. Rd2 Qe4 23. Qxc5 Rf5 24. Qxc2 Qxe3+ 25. Kh1 Rxf4 26. Rxf4 Qe1+ 0-1


[Site "https://www.chess.com"]

[Event "Titled Tuesday Blitz January 04 2022"]
[White "Costachi, Mihnea"]
[Black "Ozer, Omer Faruk"]
[WhiteFideId "1217518"]
[BlackFideId "6354564"]
[WhiteElo "2464"]
[BlackElo "2050"]
[Result "1-0"]
[Round "05"]
[TimeControl "180+1"]
[Date "2022.01.04"]
[WhiteClock "0:01:40"]
[BlackClock "0:01:21"]

1. e4 c5 2. b3 e6 3. Bb2 b6 4. g3 Bb7 5. Bg2 Nf6 6. d3 d5 7. Nd2 Be7 8. Nh3 O-O 9. O-O a5 10. a4 Na6 11. exd5 exd5 12. Nf4 Qd7 13. Nf3 Rfe8 14. Ne5 Qc7 15. d4 Bd6 16. Ned3 Rac8 17. dxc5 Nxc5 18. Bxf6 gxf6 19. Nh5 f5 20. Nf6+ Kg7 21. Nxe8+ Rxe8 22. Qh5 1-0


[Site "https://www.chess.com"]

[Event "Titled Tuesday Blitz January 04 2022"]
[White "Daggupati, Balaji"]
[Black "Paravyan, David"]
[WhiteFideId "2090759"]
[BlackFideId "4194985"]
[WhiteElo "2668"]
[BlackElo "2569"]
[Result "0-1"]
[Round "05"]
[TimeControl "180+1"]
[Date "2022.01.04"]
[WhiteClock "0:00:16"]
[BlackClock "0:00:11"]

1. e4 e5 2. Nf3 Nc6 3. Bb5 Nf6 4. O-O Nxe4 5. d4 Nd6 6. Bg5 Be7 7. Bxe7 Qxe7 8. dxe5 Nxb5 9. a4 O-O 10. axb5 Nxe5 11. Nc3 d6 12. h3 Be6 13. Re1 Qf6 14. Nxe5 dxe5 15. Qe2 Qg6 16. Qf3 Qxc2 17. Qxb7 Qxb2 18. Ne4 Rab8 19. Qxc7 Qxb5 20. Qxa7 Qb6 21. Qe7 Rbe8 22. Nf6+ gxf6 23. Qxf6 Qd8 24. Qxe5 f6 25. Qg3+ Kh8 26. Ra7 Rf7 27. Rxf7 Bxf7 28. Rxe8+ Qxe8 29. Qh4 Qe1+ 30. Kh2 Qe5+ 31. Kg1 Kg7 32. Qg4+ Qg5 33. Qd7 Qc1+ 34. Kh2 Qf4+ 35. Kg1 Qe4 36. Qc7 Qe1+ 37. Kh2 Qxf2 38. Qd6 Qe3 39. Qd7 Qe5+ 40. Kg1 Qe1+ 41. Kh2 Qe5+ 42. Kg1 Qg5 43. Qd3 Bd5 44. Qe2 Kh6 45. Qf2 Kg6 46. Qc2+ Kg7 47. Qc7+ Kh6 48. Qc2 Qe3+ 49. Kh2 Qe5+ 50. Kg1 Be4 51. Qd2+ Kg6 52. Qe2 Qf4 53. Qa2 Qc1+ 54. Kh2 Qc7+ 55. Kh1 Kg7 56. Kg1 Qb6+ 57. Kh2 Bg6 58. Qd2 Qc7+ 59. Kg1 Qe7 60. Kh2 Be4 61. Qf2 Qe5+ 62. Kg1 Kg6 63. Qe2 h5 64. Qa2 Kg5 65. Qd2+ Qf4 66. Qa5+ Kh6 67. Qc3 Bg6 68. Qb2 h4 69. Qe2 Be4 70. Qb2 Qg5 71. Kh2 Qg3+ 72. Kg1 Kg6 73. Qd2 Bxg2 74. Qxg2 Kg5 75. Kf1 Qxg2+ 76. Kxg2 Kf4 77. Kf2 f5 78. Kg2 Ke3 79. Kh2 Kf2 80. Kh1 Kg3 81. Kg1 Kxh3 82. Kf2 Kg4 83. Kg2 f4 84. Kh2 f3 85. Kg1 Kg3 86. Kh1 Kf4 87. Kh2 Ke3 88. Kg1 Ke2 89. Kh2 f2 90. Kh1 f1=Q+ 91. Kh2 Qf4+ 92. Kh1 Qg5 93. Kh2 Kf3 94. Kh3 Qg3# 0-1


[Site "https://www.chess.com"]

[Event "Titled Tuesday Blitz January 04 2022"]
[White "Deac, Bogdan-Daniel"]
[Black "Aghasiyev, Kamal"]
[WhiteFideId "1226380"]
[BlackFideId "13402854"]
[WhiteElo "2646"]
[BlackElo "2210"]
[Result "1/2-1/2"]
[Round "05"]
[TimeControl "180+1"]
[Date "2022.01.04"]
[WhiteClock "0:00:04"]
[BlackClock "0:00:13"]

1. e4 c5 2. Nf3 Nc6 3. d4 cxd4 4. Nxd4 g6 5. c4 Bg7 6. Be3 Nf6 7. Nc3 d6 8. f3 O-O 9. Be2 Bd7 10. O-O Nxd4 11. Bxd4 a5 12. c5 dxc5 13. Bxc5 Rc8 14. Be3 Be6 15. Qa4 Bd7 16. Qb3 Bc6 17. Rfd1 Qe8 18. Nb5 Rd8 19. Bb6 Rxd1+ 20. Rxd1 Nd7 21. Bxa5 Nc5 22. Qb4 Ne6 23. Bb6 Qa8 24. a3 Qb8 25. Bf1 Be5 26. h3 Bh2+ 27. Kh1 Be5 28. Nc3 Ng7 29. Nd5 Bxd5 30. Rxd5 Nh5 31. Qxe7 Re8 32. Qd7 Rf8 33. Bc4 Bxb2 34. Qe7 Qg3 35. Rd8 Qe1+ 36. Kh2 Qg3+ 37. Kg1 Qe1+ 38. Bf1 Rxd8 39. Qxd8+ Kg7 40. Bd4+ Bxd4+ 41. Qxd4+ f6 42. Qd7+ Kh6 43. Qd6 Ng3 44. Qf4+ Kg7 45. Qc7+ Kh6 46. Qf4+ Kg7 47. Qc7+ Kh6 48. Qf4+ 1/2-1/2


[Site "https://www.chess.com"]

[Event "Titled Tuesday Blitz January 04 2022"]
[White "Drozdowski, Kacper"]
[Black "Seo, Jung Min"]
[WhiteFideId "1136720"]
[BlackFideId "1734687"]
[WhiteElo "2507"]
[BlackElo "2401"]
[Result "1-0"]
[Round "05"]
[TimeControl "180+1"]
[Date "2022.01.04"]
[WhiteClock "0:00:56"]
[BlackClock "0:00:25"]

1. e4 c6 2. d4 d5 3. Nc3 dxe4 4. Nxe4 Nd7 5. Ng5 Ngf6 6. Bc4 e6 7. Qe2 Nb6 8. Bd3 h6 9. N5f3 c5 10. dxc5 Nbd7 11. c6 bxc6 12. Bd2 Nc5 13. Bc4 Qb6 14. Rb1 Nce4 15. Bd3 Nxd2 16. Nxd2 Be7 17. Ngf3 a5 18. O-O a4 19. Ne5 O-O 20. Ndc4 Qc7 21. Rbd1 Ba6 22. Rfe1 Rad8 23. b3 axb3 24. axb3 Bxc4 25. Bxc4 Nd5 26. Bxd5 cxd5 27. c4 dxc4 28. bxc4 Bf6 29. Nf3 Bc3 30. Rxd8 Rxd8 31. Rc1 Bb4 32. g3 Bc5 33. Kg2 Qd6 34. Rc2 Qd3 35. Qxd3 Rxd3 36. Nd2 Rd8 37. Ne4 Rc8 38. Nxc5 Rxc5 39. Kf3 Kf8 40. Ke4 e5 41. Kd3 Ke7 42. Ra2 h5 43. Ra6 Rc8 44. h4 f6 45. Ra7+ Kf8 46. Kc3 Rc6 47. Rb7 g5 48. Kb4 gxh4 49. gxh4 Ke8 50. c5 e4 51. Kb5 Re6 52. c6 Kd8 53. Kb6 e3 54. fxe3 Rxe3 55. Rb8+ Ke7 56. c7 1-0


[Site "https://www.chess.com"]

[Event "Titled Tuesday Blitz January 04 2022"]
[White "Golubev, Mikhail"]
[Black "Yaran, Siar"]
[WhiteFideId "14100983"]
[BlackFideId "6323006"]
[WhiteElo "2374"]
[BlackElo "1977"]
[Result "1-0"]
[Round "05"]
[TimeControl "180+1"]
[Date "2022.01.04"]
[WhiteClock "0:00:49"]
[BlackClock "0:00:04"]

1. e4 e5 2. Nf3 Nc6 3. d4 exd4 4. Nxd4 g6 5. Nc3 Bg7 6. Be3 Nf6 7. Nxc6 bxc6 8. e5 Ng8 9. Qe2 Ne7 10. Bg5 O-O 11. Ne4 Rb8 12. O-O-O d5 13. Nf6+ Kh8 14. h4 d4 15. h5 Bf5 16. hxg6 Bxg6 17. Rxh7+ Bxh7 18. Qh5 Bxf6 19. Bxf6+ Kg8 20. Qg5+ Ng6 21. Bxd8 Rbxd8 22. f4 Rd5 23. Bc4 Rc5 24. Rh1 1-0


[Site "https://www.chess.com"]

[Event "Titled Tuesday Blitz January 04 2022"]
[White "Harutjunyan, Gevorg"]
[Black "Perez Ponsa, Federico"]
[WhiteFideId "13300873"]
[BlackFideId "117927"]
[WhiteElo "2498"]
[BlackElo "2672"]
[Result "1/2-1/2"]
[Round "05"]
[TimeControl "180+1"]
[Date "2022.01.04"]
[WhiteClock "0:00:07"]
[BlackClock "0:00:46"]

1. e4 c5 2. Nf3 d6 3. d4 cxd4 4. Nxd4 Nf6 5. Nc3 a6 6. a3 e5 7. Nf5 d5 8. Bg5 d4 9. Bxf6 gxf6 10. Ne2 Bxf5 11. exf5 Nd7 12. Ng3 Qb6 13. Bc4 Bb4+ 14. Kf1 Be7 15. b4 a5 16. Qh5 Rf8 17. b5 O-O-O 18. Kg1 Kb8 19. Bd3 Nc5 20. a4 Rc8 21. h4 Bd6 22. Ne4 Nxe4 23. Bxe4 Ka7 24. Rh3 Rc7 25. Qxh7 Bc5 26. h5 d3 27. cxd3 Bxf2+ 28. Kh2 Bd4 29. Rf1 Rcc8 30. Qh6 Rh8 31. Qd2 Rcg8 32. h6 Rg5 33. Rff3 Bc5 34. Rh4 Bb4 35. Qf2 Bc5 36. Qd2 Bb4 37. Qf2 Qxf2 38. Rxf2 Bf8 39. h7 Rg7 40. Rc2 Rgxh7 41. Rxh7 Rxh7+ 42. Kg3 1/2-1/2


[Site "https://www.chess.com"]

[Event "Titled Tuesday Blitz January 04 2022"]
[White "Ibarra Jerez, Jose Carlos"]
[Black "Sjugirov, Sanan"]
[WhiteFideId "2226332"]
[BlackFideId "4189302"]
[WhiteElo "2626"]
[BlackElo "2602"]
[Result "0-1"]
[Round "05"]
[TimeControl "180+1"]
[Date "2022.01.04"]
[WhiteClock "0:00:01"]
[BlackClock "0:00:12"]

1. d4 d5 2. Bf4 e6 3. e3 c5 4. Nf3 Qb6 5. Nc3 c4 6. Qc1 Bb4 7. a3 Bxc3+ 8. bxc3 Nf6 9. Nd2 Nc6 10. Rb1 Qa5 11. Qb2 O-O 12. Be2 a6 13. O-O b5 14. a4 bxa4 15. Qb6 Qxb6 16. Rxb6 Bd7 17. Ra1 Na7 18. Bd6 Rfc8 19. Bb4 Bb5 20. Nb1 Nd7 21. Rd6 Nc6 22. Na3 Nf6 23. f3 Ne8 24. Bc5 Nxd6 25. Bxd6 Na5 26. e4 Bc6 27. e5 Nb7 28. Be7 f6 29. exf6 Kf7 30. f4 gxf6 31. Bb4 a5 32. Bh5+ Kg7 33. Bc5 Nxc5 34. dxc5 Bd7 35. Rb1 Rab8 36. Re1 Rxc5 37. g4 Rc7 38. h4 h6 39. Kf2 Rcb7 40. Ke3 Rb2 41. Ra1 e5 42. f5 Bc6 43. Bg6 Rd8 44. Kd2 Rb7 45. Rg1 Kf8 46. g5 hxg5 47. hxg5 Ke7 48. gxf6+ Kxf6 49. Rf1 Rh8 50. Re1 Rh2+ 51. Kc1 e4 52. Rd1 e3 53. Re1 Re7 54. Nb1 Bd7 55. Na3 Rf2 0-1


[Site "https://www.chess.com"]

[Event "Titled Tuesday Blitz January 04 2022"]
[White "Ibrahimli, Murad"]
[Black "Tregubov, Pavel V."]
[WhiteFideId "13410229"]
[BlackFideId "4115341"]
[WhiteElo "2109"]
[BlackElo "2341"]
[Result "0-1"]
[Round "05"]
[TimeControl "180+1"]
[Date "2022.01.04"]
[WhiteClock "0:00:56"]
[BlackClock "0:00:50"]

1. d4 Nf6 2. c4 e6 3. Nc3 Bb4 4. e3 O-O 5. Bd3 d5 6. Nf3 b6 7. O-O Bb7 8. a3 Bd6 9. cxd5 exd5 10. b4 a6 11. Qb3 Qe7 12. Rb1 h6 13. a4 Nc6 14. Ba3 a5 15. b5 Bxa3 16. bxc6 Bxc6 17. Ne5 Bb7 18. Bb5 Bb4 19. Bc6 Rab8 20. Bxb7 Rxb7 21. Nc6 Qd6 22. Nxb4 axb4 23. Qxb4 Qxb4 24. Rxb4 Ra8 25. Rfb1 Kf8 26. f3 Rba7 27. Kf2 Ra5 28. g4 Nd7 29. e4 dxe4 30. fxe4 c5 31. dxc5 bxc5 32. Rb7 R5a7 33. Ke3 Rxb7 34. Rxb7 Ne5 35. Kf4 Nd3+ 36. Kf5 g6+ 0-1


[Site "https://www.chess.com"]

[Event "Titled Tuesday Blitz January 04 2022"]
[White "Karacsonyi, Gellert"]
[Black "Danada, Tomas"]
[WhiteFideId "764620"]
[BlackFideId "14919362"]
[WhiteElo "2215"]
[BlackElo "2051"]
[Result "0-1"]
[Round "05"]
[TimeControl "180+1"]
[Date "2022.01.04"]
[WhiteClock "0:00:04"]
[BlackClock "0:00:21"]

1. e4 e6 2. d4 d5 3. Nd2 a5 4. Ngf3 a4 5. a3 c5 6. c3 Nc6 7. Bb5 Qa5 8. Qe2 dxe4 9. Nxe4 cxd4 10. Nxd4 Bd7 11. O-O Nf6 12. Nxf6+ gxf6 13. Re1 Be7 14. Bh6 Rg8 15. Rad1 O-O-O 16. Nxc6 Bxc6 17. Bxc6 bxc6 18. Qf3 Kb7 19. Be3 Qb5 20. h3 h5 21. c4 Qxc4 22. Rc1 Qd5 23. Qxd5 Rxd5 24. Rc4 Ra8 25. Rec1 Ra6 26. f3 Bd6 27. Kf2 Rb5 28. R1c2 Be5 29. Bd4 Kc7 30. Rd2 Rd5 31. Bxe5+ Rxe5 32. Rdd4 Rb6 33. Rb4 Rxb4 34. Rxb4 Rb5 35. Rxa4 Rxb2+ 36. Kg3 c5 37. Ra7+ Kd6 38. Rxf7 c4 39. Rxf6 c3 40. Rf8 Rb7 41. Rf4 c2 42. Rd4+ Kc5 43. Rd8 Rc7 0-1


[Site "https://www.chess.com"]

[Event "Titled Tuesday Blitz January 04 2022"]
[White "Kim, Sergey"]
[Black "Boruchovsky, Avital"]
[WhiteFideId "13700570"]
[BlackFideId "2800055"]
[WhiteElo "2605"]
[BlackElo "2469"]
[Result "0-1"]
[Round "05"]
[TimeControl "180+1"]
[Date "2022.01.04"]
[WhiteClock "0:00:09"]
[BlackClock "0:00:11"]

1. d4 Nf6 2. c4 e6 3. Nc3 Bb4 4. Qc2 O-O 5. a3 Bxc3+ 6. Qxc3 d5 7. Nf3 dxc4 8. Qxc4 b6 9. g3 Ba6 10. Qc2 Nbd7 11. Qc6 Qc8 12. Bg2 Bb7 13. Qa4 c5 14. O-O cxd4 15. Qxd4 Nc5 16. Bg5 Nb3 17. Qh4 Ne4 18. Rad1 f6 19. Be3 e5 20. Nxe5 Nec5 21. Nf3 Qe6 22. Bh3 Qf7 23. Nd4 Nxd4 24. Qxd4 Rae8 25. b4 Ne6 26. Qd7 Re7 27. Bxe6 Rxd7 28. Bxf7+ Rfxf7 29. Rxd7 Rxd7 30. Rc1 g5 31. f3 Kf7 32. Kf2 Ke6 33. Rc2 Bd5 34. Rc8 Bb7 35. Rc2 h6 36. Rd2 Rc7 37. Bd4 Rc4 38. Rd3 Ba6 39. Re3+ Kf7 40. Bc3 Bb5 41. Rd3 Rc6 42. Re3 h5 43. Bd4 Rc2 44. f4 g4 45. Bc3 Bc4 46. Be1 b5 47. Bc3 a6 48. Be1 Ra2 49. Re4 Kg6 50. Re3 Kf5 51. Bc3 Rxa3 52. Bd4 Ra2 53. Bc5 Ra1 54. Bb6 Rh1 55. Re7 Rxh2+ 56. Ke1 Rg2 57. Bf2 h4 58. gxh4 g3 59. Bd4 Kxf4 60. Kf1 Rh2 61. Be3+ Kg4 62. Re4+ Kh3 63. Bg1 Bd5 64. Re3 Rh1 65. Rd3 Bg2+ 66. Ke1 Rxg1+ 67. Kd2 Be4 68. Re3 f5 69. Kc3 Kg4 0-1


[Site "https://www.chess.com"]

[Event "Titled Tuesday Blitz January 04 2022"]
[White "Koellner, Ruben Gideon"]
[Black "Azadaliyev, Jahandar"]
[WhiteFideId "12993093"]
[BlackFideId "13425811"]
[WhiteElo "2608"]
[BlackElo "1795"]
[Result "1/2-1/2"]
[Round "05"]
[TimeControl "180+1"]
[Date "2022.01.04"]
[WhiteClock "0:01:20"]
[BlackClock "0:00:26"]

1. d4 Nf6 2. Bg5 Ne4 3. Bf4 d5 4. e3 Nf6 5. Bd3 e6 6. Nd2 Nbd7 7. c3 Bd6 8. Bg3 b6 9. Ngf3 Bb7 10. Ne5 O-O 11. O-O Qe7 12. Qe2 c5 13. f4 Rac8 14. Qf3 cxd4 15. exd4 a6 16. Rae1 b5 17. a3 Nb6 18. Bh4 Nc4 19. Ndxc4 dxc4 20. Bxf6 Qxf6 21. Be4 Bxe4 22. Qxe4 Bxe5 23. fxe5 Qg5 24. Qf4 Qxf4 25. Rxf4 Rfd8 26. Kf2 a5 27. Ke3 Rb8 28. Ra1 g6 29. Rf2 Rd7 30. g4 b4 31. axb4 axb4 32. Ra4 bxc3 33. bxc3 Rc7 34. Ra1 Rb3 35. Rc2 Rcb7 36. Kd2 Rb1 37. Rxb1 Rxb1 38. Rc1 Rb2+ 39. Rc2 Rb1 40. Rc1 Rb2+ 41. Rc2 Rb1 1/2-1/2


[Site "https://www.chess.com"]

[Event "Titled Tuesday Blitz January 04 2022"]
[White "Lenderman, Aleksandr"]
[Black "Sargsyan, Anna M."]
[WhiteFideId "2021285"]
[BlackFideId "13308130"]
[WhiteElo "2651"]
[BlackElo "2271"]
[Result "1-0"]
[Round "05"]
[TimeControl "180+1"]
[Date "2022.01.04"]
[WhiteClock "0:00:03"]
[BlackClock "0:00:09"]

1. Nf3 d5 2. e3 Nf6 3. c4 c6 4. Nc3 e6 5. d4 Nbd7 6. Be2 Bd6 7. O-O O-O 8. b3 b6 9. Bb2 Bb7 10. Bd3 Rc8 11. Rc1 Qe7 12. Re1 c5 13. cxd5 exd5 14. Qe2 Rfe8 15. Ba6 Bxa6 16. Qxa6 c4 17. bxc4 Nb8 18. Qb5 dxc4 19. e4 Bf4 20. Rc2 a6 21. Qf5 Bh6 22. e5 b5 23. g4 Nfd7 24. g5 g6 25. Qg4 Bg7 26. Ne4 Nc6 27. Nd6 Nb4 28. Nxc8 Rxc8 29. Ba3 Nb6 30. e6 a5 31. Bxb4 axb4 32. exf7+ Qxf7 33. Rce2 Rf8 34. Qe6 Nd5 35. Qxf7+ Kxf7 36. Ne5+ Kg8 37. Nc6 Kf7 38. Re6 c3 39. Rd6 Nf4 40. Nxb4 Kg8 41. Re3 Rc8 42. Nc2 b4 43. Kf1 Bf8 44. Rd7 Ra8 45. Rf3 Nh5 46. Rb7 Rxa2 47. Rb8 Rxc2 48. Rbxf8+ Kg7 49. R3f7# 1-0


[Site "https://www.chess.com"]

[Event "Titled Tuesday Blitz January 04 2022"]
[White "Madaminov, Mukhiddin"]
[Black "Nesterov, Arseniy"]
[WhiteFideId "14210703"]
[BlackFideId "24198455"]
[WhiteElo "1916"]
[BlackElo "2489"]
[Result "1/2-1/2"]
[Round "05"]
[TimeControl "180+1"]
[Date "2022.01.04"]
[WhiteClock "0:00:06"]
[BlackClock "0:00:03"]

1. d4 d5 2. Nc3 Bf5 3. Bf4 e6 4. e3 Bd6 5. Nf3 Bxf4 6. exf4 Ne7 7. Ne2 h6 8. Ng3 Bh7 9. c3 O-O 10. Bd3 Bxd3 11. Qxd3 Qd6 12. Qe3 Nd7 13. Ne5 Nxe5 14. fxe5 Qb6 15. O-O a5 16. Rab1 Rfc8 17. f4 c5 18. f5 cxd4 19. cxd4 exf5 20. Nxf5 Nxf5 21. Rxf5 Rc4 22. Rf4 Rac8 23. Rbf1 R8c7 24. b3 Rc3 25. Qf2 Qg6 26. h4 Rc2 27. Qf3 Qe6 28. Rf2 R7c3 29. Qh5 Rxf2 30. Rxf2 Rd3 31. Rf4 Rd2 32. a4 Rb2 33. Qf3 b6 34. Qc3 Ra2 35. h5 Qe7 36. Qc8+ Kh7 37. Qf5+ Kg8 38. Kh2 Qe6 39. Qd3 Rb2 40. Qc3 Re2 41. Qc7 Rb2 42. Qd8+ Kh7 43. Qf8 Rxb3 44. Rxf7 Qg4 45. Rf3 Qxh5+ 46. Kg1 Rb1+ 47. Rf1 Rxf1+ 48. Qxf1 Qg4 49. Qd3+ Kg8 50. Qe3 Kf7 51. Qf3+ Qxf3 52. gxf3 g5 53. Kg2 h5 54. Kg3 Ke6 55. f4 Kf5 56. fxg5 Kxg5 57. Kh3 Kf5 58. Kh4 Kg6 59. Kg3 Kg5 60. Kh3 Kf5 61. Kg3 Kg5 1/2-1/2


[Site "https://www.chess.com"]

[Event "Titled Tuesday Blitz January 04 2022"]
[White "Maghsoodloo, Parham"]
[Black "Alexiadis, Hristos"]
[WhiteFideId "12539929"]
[BlackFideId "4249623"]
[WhiteElo "2630"]
[BlackElo "2416"]
[Result "1/2-1/2"]
[Round "05"]
[TimeControl "180+1"]
[Date "2022.01.04"]
[WhiteClock "0:00:04"]
[BlackClock "0:00:15"]

1. e4 e5 2. Nf3 Nc6 3. Bb5 Nf6 4. O-O Nxe4 5. d4 Nd6 6. Bxc6 dxc6 7. dxe5 Nf5 8. Qxd8+ Kxd8 9. h3 h6 10. Nc3 Bd7 11. g4 Ne7 12. Kg2 b6 13. Rd1 Kc8 14. Bf4 c5 15. Nd2 Kb7 16. Nde4 Bc6 17. f3 g5 18. Bg3 Ng6 19. Nf6 Bg7 20. Kf2 Rad8 21. Nce4 Bxe4 22. fxe4 Bxf6 23. exf6 Rhe8 24. Ke3 Nf8 25. Rxd8 Rxd8 26. h4 Re8 27. Rf1 Kc6 28. Rf5 Ne6 29. c3 Rd8 30. Ke2 c4 31. Bf2 Rg8 32. Kf3 Rd8 33. Be3 Rd1 34. hxg5 hxg5 35. Ke2 Rb1 36. Bxg5 Rxb2+ 37. Kf3 Rc2 38. Be3 Rxc3 39. g5 Nd4+ 40. Kf4 Nxf5 41. exf5 Kd7 42. g6 fxg6 43. fxg6 Ke8 44. Ke4 Rxe3+ 45. Kxe3 b5 46. Kd4 a5 47. a3 c3 48. Kxc3 c5 49. Kd3 Kf8 50. Ke4 b4 51. axb4 cxb4 52. Kf5 b3 53. Ke6 b2 54. g7+ Kg8 55. f7+ Kxg7 56. Ke7 b1=Q 57. f8=Q+ Kh7 58. Qf7+ Kh6 59. Qf6+ Qg6 60. Qh4+ Kg7 61. Qd4+ Kh7 62. Qa4 Qg7+ 63. Kd6 Qg5 64. Kc6 Kh6 65. Kb6 Kh5 66. Qxa5 Qxa5+ 67. Kxa5 1/2-1/2


[Site "https://www.chess.com"]

[Event "Titled Tuesday Blitz January 04 2022"]
[White "Martinez Alcantara, Jose Eduardo"]
[Black "Arabidze, Meri"]
[WhiteFideId "3805662"]
[BlackFideId "13604040"]
[WhiteElo "2690"]
[BlackElo "2329"]
[Result "1-0"]
[Round "05"]
[TimeControl "180+1"]
[Date "2022.01.04"]
[WhiteClock "0:00:39"]
[BlackClock "0:00:02"]

1. e4 c5 2. Nf3 e6 3. c3 d5 4. e5 d4 5. Bd3 Nc6 6. O-O Nge7 7. Re1 Nf5 8. Be4 Be7 9. d3 O-O 10. Bxc6 bxc6 11. c4 h5 12. Nbd2 a5 13. Ne4 a4 14. Bg5 f6 15. Bd2 a3 16. b3 Qc7 17. h3 fxe5 18. Bg5 Bf6 19. Nxc5 Qe7 20. Ne4 c5 21. Qd2 Bb7 22. h4 Qc7 23. Qe2 Rae8 24. g3 Re7 25. Nfd2 Ref7 26. Qxh5 Nd6 27. Bxf6 gxf6 28. Qg4+ Kh8 29. Qxe6 Nxe4 30. Nxe4 f5 31. Qh6+ Kg8 32. Ng5 Re7 33. Qg6+ Kh8 34. Qh6+ Kg8 35. Qg6+ Kh8 36. f3 Qc6 37. Qxc6 Bxc6 38. Kf2 Kg8 39. Re2 Rfe8 40. Rae1 Kg7 41. Rb1 Kf6 42. b4 cxb4 43. Rxb4 Kg7 44. Rb6 Ba8 45. h5 Kh8 46. Rh6+ Kg7 47. Rg6+ Kh8 48. g4 fxg4 49. fxg4 Rf8+ 50. Kg3 Rg8 51. Rh6+ Kg7 52. Rh7+ Kf8 53. Rxe7 Kxe7 54. Rxe5+ Kd6 55. Nf7+ Kc7 56. h6 1-0


[Site "https://www.chess.com"]